 Dungeon Crawl Stone Soup version 0.21-a0-529-g8c7b3f5 (webtiles) character file.

620 slep the Chopper (level 7, -3/36 HPs)
             Began as a Vine Stalker Gladiator on Dec 10, 2017.
             Killed from afar by an orc wizard (9 damage)
             ... with a magic dart
             ... on level 6 of the Dungeon.
             The game lasted 00:07:29 (2294 turns).

slep the Chopper (Vine Stalker Gladiator)           Turns: 2294, Time: 00:07:31

Health: -3/36      AC:  5    Str: 17    XL:     7   Next: 46%
Magic:  0/8        EV: 13    Int:  8    God:
Gold:   183        SH:  0    Dex: 17    Spells: 6/6 levels left

rFire    . . .     SeeInvis .   a - +0 war axe
rCold    . . .     Gourm    .   (no shield)
rNeg     . . .     Faith    .   b - +0 leather armour
rPois    .         Spirit   +   c - +0 helmet
rElec    .         Reflect  .   (no cloak)
rCorr    .         Harm     +   g - +0 pair of gloves
MR       .....                  (no boots)
Stlth    ++........             k - amulet of harm
HPRegen  0.52/turn              (no ring)
MPRegen  0.11/turn              (no ring)

@: no status effects
A: fangs 2, regeneration 1, magic shield, antimagic bite, no potion heal 3, rot
immunity
a: no special abilities


You were on level 6 of the Dungeon.
You were hungry.

You visited 1 branch of the dungeon, and saw 6 of its levels.

You collected 183 gold pieces.

Inventory:

Hand Weapons
 a - a +0 war axe (weapon)
Missiles
 d - 4 throwing nets (quivered)
 s - 5 silver tomahawks
Armour
 b - a +0 leather armour (worn)
 c - a +0 helmet (worn)
 g - a +0 pair of gloves (worn)
Jewellery
 k - an amulet of harm (around neck)
 v - an uncursed amulet of magic regeneration {unknown}
Scrolls
 e - 4 scrolls of remove curse {unknown}
 h - 6 scrolls of identify {unknown}
 i - 2 scrolls of enchant armour {unknown}
 j - a scroll of fog {unknown}
 m - 2 scrolls of magic mapping {unknown}
 q - a scroll of fear {unknown}
 t - a scroll of immolation {unknown}
 u - 2 scrolls of teleportation {unknown}
Potions
 l - 2 potions of resistance {unknown}
 n - 3 potions of berserk rage {unknown}
 o - a potion of heal wounds {unknown}
 p - 2 potions of agility {unknown}
 r - 2 potions of curing {unknown}
Comestibles
 f - 5 bread rations
 w - 6 chunks of flesh


   Skills:
 + Level 3.1 Fighting
 + Level 5.7 Axes
 + Level 1.9 Throwing
 + Level 2.4 Armour
 + Level 3.4 Dodging
 + Level 1.4 Stealth


You had 6 spell levels left.
You didn't know any spells.

Dungeon Overview and Level Annotations

Branches:
Dungeon (6/15)
 Temple: D:4-7

Altars:
Uskayaw
The Shining One

Annotations:
D:3 slep's ghost, amateur VSGl
D:4 Grinder


Innate Abilities, Weirdness & Mutations

You have extremely sharp teeth.
Your natural rate of healing is unusually fast.
When hurt, damage is shared between your health and your magic reserves.
Your bite disrupts and absorbs the magic of your enemies.
Potions cannot restore your health.
You are immune to rotting.


Message History

There is a stone staircase leading up here.
The orc wizard shouts!
You hear a shout!
The gnoll misses you.
An orc wizard comes into view. It is wielding a dagger.
The gnoll misses you. The gnoll barely misses you.
A jackal zombie comes into view.
Found a metal-bound book.
You are feeling hungry.
The gnoll hits you but does no damage.
The orc wizard points at you and mumbles some strange words.
The puff of flame hits you!
* * * LOW HITPOINT WARNING * * *
You hit the gnoll. Your bite misses the gnoll.
The gnoll is heavily wounded.
The gnoll hits you with a club.
* * * LOW HITPOINT WARNING * * *
The orc wizard points at you and mumbles some strange words.
The magic dart hits you!
You die... #.# #oor#

#.#.##+## #........
#######o#.#.#.#
##....oo........
.#####...............
.............<...#
#Z.@g....r...#
#...##########
#....## ..:...#
...... ...##. ... #
..


You could see 2 orc wizards, a gnoll, an orc, a jackal zombie and a quokka.

Vanquished Creatures
  Menkaure (D:4)
  2 ogres
  A sky beast (D:5)
  A scorpion (D:4)
  A bullfrog skeleton (D:5)
  A centaur skeleton (D:5)
  3 worker ants
  2 adders
  A gnoll (D:5)
  4 dart slugs
  3 leopard geckos (D:1)
  An orc (D:4)
  A ball python (D:1)
  A giant cockroach (D:4)
  4 goblins
  7 hobgoblins
  6 jackals (D:5)
  5 kobolds
  5 bats
  A frilled lizard (D:1)
  A leopard gecko skeleton (D:5)
  6 rats
58 creatures vanquished.

Notes
Turn   | Place    | Note
-------+----------+-------------------------------------------
     0 | D:1      | slep the Vine Stalker Gladiator began the quest for the Orb.
     0 | D:1      | Reached XP level 1. HP: 11/11 MP: 2/2
   122 | D:1      | Reached XP level 2. HP: 14/15 MP: 3/3
   149 | D:1      | Reached skill level 3 in Axes
   440 | D:1      | Reached XP level 3. HP: 18/18 MP: 4/4
   875 | D:2      | Found a hide-covered altar of Uskayaw.
  1524 | D:3      | Noticed slep's ghost (amateur VSGl)
  1720 | D:4      | Gained mutation: Your natural rate of healing is unusually fast. [Vine Stalker growth]
  1720 | D:4      | Reached XP level 4. HP: 13/23 MP: 2/5
  1735 | D:4      | Reached skill level 1 in Armour
  1735 | D:4      | Reached XP level 5. HP: 7/27 MP: 3/6
  1849 | D:4      | Noticed an ogre
  1855 | D:4      | Reached skill level 4 in Axes
  1857 | D:4      | Killed an ogre
  1857 | D:4      | Reached skill level 1 in Stealth
  1857 | D:4      | Reached XP level 6. HP: 27/32 MP: 7/7
  1863 | D:4      | Noticed Menkaure
  1866 | D:4      | Found a glowing golden altar of the Shining One.
  1870 | D:4      | Killed Menkaure
  2071 | D:4      | Noticed Grinder
  2110 | D:5      | Entered Level 5 of the Dungeon
  2115 | D:5      | Noticed a sky beast
  2118 | D:5      | Reached skill level 5 in Axes
  2129 | D:5      | Killed a sky beast
  2129 | D:5      | Reached XP level 7. HP: 24/35 MP: 8/8
  2294 | D:6      | Killed from afar by an orc wizard

Vault maps used:
D:1:      dpeg_arrival_refuge, grunt_decor_one_mirror
D:2:      lemuel_doored_altar
D:3:      elyvilon_altar_3
D:4:      tso_metal_star, uniq_menkaure, uniq_grinder
D:5:      tgw_xom, first_bread
D:6:      marbit_many_paths, minmay_temple_entry_enclosed_plants,
          enter_ossuary_1, minmay_misc_feat_doors

Skill      XL: |  1  2  3  4  5  6  7 |
---------------+----------------------+-----
Axes           | 3 4 5 |  5.7
Fighting       | 2 3 |  3.1
Armour         | 1 2 |  2.4
Dodging        | 3 |  3.4
Stealth        | 1 |  1.4
Throwing       | |  1.9

Action                   |  1- 3 |  4- 6 |  7- 9 || total
-------------------------+-------+-------+-------++-------
Melee: War axe           |    70 |    38 |    29 ||   137
       Bite              |    13 |    14 |    13 ||    40
 Stab: Sleeping          |     2 |       |       ||     2
  Eat: Chunk             |     2 |     2 |       ||     4
Armor: Leather armour    |    16 |     6 |    12 ||    34
Dodge: Dodged            |    64 |    28 |    35 ||   127

Table legend:
 A = Spawn XP
 B = Non-spawn XP
 C = Spawn XP percentage of total XP
 D = Spawn monster count
 E = Non-spawn monster count
 F = Spawn count percentage of total count
 G = Total turns spent on level
                    A         B        C        D         E        F      G
               +---------+---------+-------+---------+---------+-------+---------
         Total |       0 |     887 |   0.0 |       0 |      58 |   0.0 |  2294
               +---------+---------+-------+---------+---------+-------+---------
           D:1 |       0 |      46 |   0.0 |       0 |      24 |   0.0 |   749
           D:2 |       0 |      16 |   0.0 |       0 |       8 |   0.0 |   676
           D:3 |       0 |       9 |   0.0 |       0 |       4 |   0.0 |   120
           D:4 |       0 |     432 |   0.0 |       0 |       8 |   0.0 |   565
           D:5 |       0 |     384 |   0.0 |       0 |      14 |   0.0 |   177
               +---------+---------+-------+---------+---------+-------+---------
